AoeStats
← uu

Arabia

510455282Analyzed
4v4 RM · 1d ago on Oct 1, 2026· 27m 5s· 8 players
Game mode
Random Map
Map size
Large (8 player)
Population
200
Speed
Normal
Resources
Standard
Victory
Conquest
Starting age
Dark Age
Ending age
Imperial Age
RankedLock teamsTeams togetherTeam positionsShared explorationLock speedFull tech treeHidden civsTurbo modeCheats
Victory
Defeat
🇨🇳 Georgians · China
1439
+14
🇨🇳 Ethiopians · China
1377
+17
🇹🇼 Britons · Taiwan
1371
+17
🇨🇳 Magyars · China
1308
+19
🇺🇸 Maya · United States
1426
-18
🇲🇽 Mongols · Mexico
1418
-18
🇨🇴 Persians · Colombia
1371
-16
🇵🇪 Ethiopians · Peru
1355
-15
GareBear330
0:26 Loom
8:55 Feudal Age
13:33 Fletching
20:34 Padded Archer Armor
Redwood MC9
6:01 Loom
8:39 Feudal Age
9:31 Double-Bit Axe
10:09 Horse Collar
21:49 Castle Age
19:56 Fletching
20:56 Bloodlines
20:54 Padded Archer Armor
21:22 Gold Mining
22:25 Bodkin Arrow
22:43 Husbandry
24:20 Ballistics
25:17 Thumb Ring
maxwell54
6:10 Loom
8:57 Feudal Age
9:22 Double-Bit Axe
9:39 Horse Collar
14:29 Forging
15:16 Wheelbarrow
16:36 Scale Barding Armor
21:44 Castle Age
20:36 Bloodlines
21:29 Light Cavalry
22:49 Iron Casting
Yusuke
6:24 Loom
9:24 Feudal Age
10:18 Double-Bit Axe
19:25 Fletching
23:50 Castle Age
23:22 Horse Collar
藥膏
6:30 Loom
9:12 Feudal Age
11:19 Double-Bit Axe
14:19 Fletching
15:27 Padded Archer Armor
24:13 Castle Age
25:31 Wheelbarrow
24:18 Crossbowman
24:55 Bodkin Arrow
25:16 Leather Archer Armor
26:18 Bow Saw
25:52 Horse Collar
uu
9:38 Loom
11:41 Feudal Age
12:24 Horse Collar
12:35 Double-Bit Axe
14:07 Wheelbarrow
14:43 Fletching
14:54 Padded Archer Armor
24:24 Castle Age
25:26 Thumb Ring
24:43 Crossbowman
25:21 Bodkin Arrow
25:41 Leather Archer Armor
25:21 Gold Mining
25:42 Bow Saw
AoToA
6:36 Loom
8:58 Feudal Age
9:31 Double-Bit Axe
20:35 Scale Barding Armor
24:30 Bloodlines
28:14 Castle Age
Xrouma
6:18 Loom
8:55 Feudal Age
10:27 Double-Bit Axe
11:15 Horse Collar
16:15 Wheelbarrow
17:00 Bloodlines
17:06 Scale Barding Armor
18:05 Forging
25:24 Castle Age
24:05 Gold Mining
26:08 Husbandry
26:32 Chain Barding Armor
26:28 Bow Saw
25:51 Light Cavalry
28:00 Iron Casting
Connection lost

Rejoining the realm…

Still unreachable

The connection could not be restored.

Session expired

The server has moved on; the page needs a fresh start.